Map: Deathaura LE

Players

MaxPax - Winner!

  • Race: Protoss Protoss
  • League: Master
  • Spawn Location: 11:00

PtitDrogo

  • Race: Protoss Protoss
  • League: Grandmaster
  • Spawn Location: 5:00

Event: DreamHack SC2 Masters 2020 Fall

VOD

Have the link to the VOD?

Description

Time

  • Played on: Sept. 4, 2020, 2:16 p.m.
  • Length: 14:21

All games in this series

Show
View Real Time Build Order
Export as new Build Order

MaxPax Protoss - Winner!

Build Orders: Oracle Opening 

Get SALT Encoding   

  12  0:00  Probe  
  13  0:12  Probe  
  14  0:17  Pylon  
  14  0:24  Probe  
  15  0:36  Probe (Chrono Boost)  
  15  0:37  Gateway  
  15  0:42  Assimilator  
  16  0:47  Probe (Chrono Boost)  
  17  0:52  Probe (Chrono Boost)  
  17  0:55  Assimilator  
  18  1:03  Probe (Chrono Boost)  
  19  1:06  Gateway  
  19  1:13  Probe (Chrono Boost)  
  20  1:18  Probe (Chrono Boost)  
  20  1:24  Cybernetics Core  
  21  1:29  Probe  
  22  1:33  Pylon  
  22  1:41  Probe  
  23  2:00  Stargate, Adept  
  23  2:01  Adept  
  27  2:04  Probe  
  27  2:07  Warp Gate  
  28  2:15  Pylon  
  28  2:31  Pylon  
  28  2:32  Stalker  
  29  2:42  Oracle (Chrono Boost)  
  29  2:48  Probe  
  33  3:04  Nexus  
  33  3:15  Probe  
  33  3:16  Shield Battery  
  34  3:27  Probe  
  35  3:36  Twilight Council  
  35  3:41  Pylon  
  35  3:59  Probe (Chrono Boost)  
  36  4:04  Stalker  
  36  4:09  Pylon  
  39  4:11  Probe (Chrono Boost), Pylon  
  39  4:17  Probe (Chrono Boost)  
  39  4:21  Blink (Chrono Boost), Probe  
  39  4:25  Probe  
  38  4:31  Oracle (Chrono Boost)  
  38  4:33  Probe  
  38  4:38  Stalker  
  44  4:39  Probe  
  46  4:45  Probe  
  46  4:48  Stalker  
  46  4:51  Probe  
  49  4:58  Forge, Probe  
  50  5:04  Stalker  
  52  5:15  Shield Battery  
  52  5:20  Pylon, Probe  
  52  5:22  Stalker  
  52  5:27  Shield Battery, Protoss Ground Weapons Level 1 (Chrono Boost), Probe  
  55  5:31  Assimilator  
  55  5:32  Probe  
  56  5:38  Dark Shrine  
  56  5:39  Probe  
  57  5:44  Probe  
  57  5:45  Pylon  
  57  5:46  Stalker  
  60  5:51  Probe  
  60  5:53  Stalker  
  63  6:02  Probe  
  64  6:07  Pylon  
  64  6:10  Probe  
  65  6:12  Adept  
  65  6:18  Gateway x2  
  67  6:29  Stalker  
  69  6:36  Nexus  
  69  6:39  Pylon  
  69  6:40  Probe x2  
  69  6:52  Probe x2  
  69  6:54  Dark Templar x2  
  75  7:01  Pylon  
  75  7:04  Probe x2  
  75  7:05  Robotics Facility  
  77  7:16  Probe x2  
  79  7:28  Probe  
  79  7:29  Probe  
  81  7:30  Stalker x3  
  81  7:31  Stalker  
  89  7:40  Probe  
  89  7:41  Probe  
  91  7:47  Protoss Ground Weapons Level 2 (Chrono Boost)  
  91  7:49  Probe  
  88  7:52  Probe  
  88  7:53  Probe  
  88  8:01  Probe  
  88  8:04  Probe  
  88  8:05  Shield Battery, Probe  
  91  8:06  Immortal  
  95  8:16  Assimilator  
  95  8:17  Pylon  
  95  8:19  Charge (Chrono Boost)  
  95  8:20  Gateway  
  95  8:22  Gateway  
  95  8:26  Gateway  
  95  8:28  Assimilator  
  95  8:30  Pylon  
  95  8:31  Stalker  
  97  8:40  Robotics Bay  
  97  8:43  Photon Cannon  
  97  8:48  Dark Templar  
  99  9:00  Observer  
  97  9:03  Probe  
  97  9:04  Probe  
  97  9:05  Assimilator, Probe  
  97  9:07  Stalker x2  
  97  9:09  Stalker, Photon Cannon  
  106  9:13  Pylon  
  106  9:19  Shield Battery  
  106  9:21  Probe  
  106  9:23  Photon Cannon  
  106  9:25  Pylon  
  106  9:27  Stalker x2  
  106  9:28  Stalker x2  
  114  9:34  Stalker x3  
  116  9:51  Dark Templar  
  116  9:52  Zealot, Dark Templar  
  115  9:54  Zealot  
  115  10:00  Gateway  
  115  10:06  Shield Battery  
  115  10:07  Zealot x2  
  115  10:13  Stalker x2  
  113  10:14  Zealot  
  103  10:24  Shield Battery, Stalker  
  103  10:25  Stalker  
  100  10:29  Probe  
  100  10:30  Stalker x2  
  100  10:34  Gateway  
  103  10:38  Stalker x2  
  103  10:39  Stalker  
  109  10:48  Zealot x2  
  106  10:55  Zealot x2, Gateway  
  110  10:57  Zealot  
  108  11:08  Stalker x3  
  108  11:10  Stalker x2  
  108  11:17  Zealot x3  
  110  11:19  Probe  
  110  11:20  Probe  
  112  11:27  Probe, Pylon  
  112  11:29  Stalker  
  112  11:30  Robotics Facility  
  115  11:33  Robotics Facility  
  115  11:34  Protoss Ground Weapons Level 3 (Chrono Boost)  
  115  11:35  Dark Templar  
  115  11:36  Pylon  
  117  11:42  Stalker  
  117  11:43  Stalker  
  117  11:44  Stalker  
  123  11:53  Stalker  
  123  12:03  Shadow Stride (Chrono Boost), Nexus  
  123  12:06  Pylon  
  123  12:17  Dark Templar x3  
  123  12:19  Dark Templar  
  131  12:26  Disruptor (Chrono Boost)  
  136  12:32  Disruptor (Chrono Boost)  
  136  12:33  Pylon  
  136  12:34  Pylon  
  136  12:35  Dark Templar  
  137  12:50  Zealot x4  
  137  12:51  Disruptor (Chrono Boost)  
  148  12:57  Probe  
  152  13:01  Disruptor (Chrono Boost)  
  152  13:17  Zealot x6  
  164  13:20  Disruptor (Chrono Boost)  
  164  13:22  Zealot x2  
  169  13:27  Disruptor  
  169  13:28  Probe  
  153  13:51  Zealot x8  
  153  13:55  Probe  
Show
View Real Time Build Order
Export as new Build Order

PtitDrogo Protoss 

Build Orders:  

Get SALT Encoding   

  12  0:00  Probe  
  13  0:12  Probe  
  14  0:17  Pylon  
  14  0:24  Probe  
  15  0:35  Gateway  
  15  0:36  Probe (Chrono Boost)  
  16  0:46  Assimilator, Probe (Chrono Boost)  
  17  0:51  Probe (Chrono Boost)  
  18  0:59  Gateway  
  18  1:03  Probe (Chrono Boost)  
  19  1:07  Assimilator  
  19  1:14  Probe (Chrono Boost)  
  20  1:18  Probe (Chrono Boost)  
  20  1:23  Cybernetics Core  
  21  1:29  Probe  
  22  1:33  Pylon  
  22  1:41  Probe  
  23  1:57  Warp Gate (Chrono Boost)  
  23  1:59  Stalker, Probe  
  23  2:00  Stalker  
  28  2:09  Pylon  
  28  2:16  Pylon  
  28  2:27  Shield Battery  
  28  2:34  Stalker x2  
  32  2:51  Shield Battery  
  32  3:04  Nexus  
  32  3:07  Probe  
  33  3:14  Sentry  
  33  3:16  Sentry  
  33  3:19  Probe  
  38  3:23  Shield Battery  
  38  3:29  Pylon  
  38  3:35  Probe  
  39  3:42  Forge  
  39  3:48  Probe  
  40  4:00  Probe  
  40  4:01  Stalker x2  
  42  4:12  Probe  
  42  4:16  Shield Battery  
  43  4:24  Probe (Chrono Boost)  
  43  4:26  Probe (Chrono Boost)  
  43  4:28  Protoss Ground Weapons Level 1  
  44  4:35  Probe (Chrono Boost)  
  44  4:36  Adept x2, Probe (Chrono Boost)  
  50  4:40  Probe (Chrono Boost)  
  50  4:41  Probe (Chrono Boost)  
  52  4:49  Twilight Council  
  52  4:50  Probe  
  52  4:52  Probe  
  54  4:53  Pylon  
  54  5:02  Probe  
  54  5:03  Stalker  
  54  5:04  Probe  
  58  5:10  Stalker  
  60  5:15  Probe (Chrono Boost)  
  60  5:16  Probe (Chrono Boost)  
  62  5:28  Assimilator, Probe (Chrono Boost)  
  60  5:30  Gateway  
  60  5:32  Probe (Chrono Boost)  
  60  5:36  Probe (Chrono Boost)  
  60  5:38  Blink (Chrono Boost)  
  60  5:39  Probe (Chrono Boost)  
  60  5:41  Stalker x2  
  66  5:43  Probe  
  66  5:46  Pylon  
  67  5:51  Probe  
  68  5:58  Nexus  
  68  6:06  Robotics Facility, Probe  
  68  6:07  Probe  
  70  6:13  Stalker  
  70  6:15  Stalker  
  74  6:19  Probe  
  74  6:22  Probe  
  74  6:25  Stalker  
  78  6:29  Pylon  
  78  6:30  Pylon  
  78  6:31  Pylon  
  78  6:33  Protoss Ground Weapons Level 2 (Chrono Boost)  
  78  6:40  Gateway  
  78  6:43  Gateway  
  77  6:50  Probe x2  
  80  6:54  Observer (Chrono Boost)  
  80  6:58  Pylon  
  80  7:01  Stalker x2  
  80  7:02  Probe  
  80  7:05  Stalker  
  80  7:07  Probe  
  88  7:09  Probe  
  88  7:14  Probe  
  90  7:17  Warp Prism (Chrono Boost)  
  92  7:24  Stalker x2  
  92  7:42  Observer (Chrono Boost)  
  86  7:50  Stalker x4  
  91  7:59  Probe  
  90  8:11  Stalker  
  89  8:14  Warp Prism (Chrono Boost)  
  89  8:16  Probe  
  89  8:18  Probe  
  93  8:30  Stalker x3  
  99  8:34  Photon Cannon  
  99  8:43  Stalker  
  99  8:47  Gateway x2  
  101  8:49  Pylon  
  99  9:04  Stalker x3  
  99  9:06  Zealot x2  
  99  9:08  Probe x3  
  112  9:10  Shield Battery  
  112  9:13  Charge (Chrono Boost)  
  112  9:20  Probe  
  112  9:21  Observer  
  107  9:33  Stalker x3  
  113  9:42  Adept x2  
  114  9:51  Observer  
  106  9:55  Stalker  
  106  9:57  Adept  
  106  10:06  Zealot x4, Stalker  
  110  10:19  Zealot x2  
  100  10:28  Zealot x2, Stalker x2  
  96  10:33  Zealot  
  94  10:42  Stalker x2  
  90  10:51  Zealot x4  
  90  10:54  Stalker  
  90  11:06  Zealot x2  
  90  11:11  Zealot x4  
  80  11:19  Probe  
  80  11:20  Probe x2  
  81  11:26  Assimilator  
  81  11:27  Assimilator  
  81  11:29  Robotics Bay  
  81  11:32  Probe x2  
  83  11:33  Assimilator, Shield Battery  
  83  11:35  Shield Battery  
  83  11:40  Probe  
  83  11:44  Probe x2  
  86  11:48  Photon Cannon  
  86  11:52  Probe  
  87  11:56  Probe  
  87  11:59  Probe  
  87  12:04  Probe  
  87  12:08  Robotics Facility, Probe  
  89  12:11  Probe  
  89  12:13  Colossus (Chrono Boost)  
  89  12:14  Sentry  
  99  12:25  Zealot x6  
  99  12:28  Pylon  
  99  12:29  Pylon  
  110  12:41  Extended Thermal Lance (Chrono Boost)  
  110  12:43  Nexus  
  110  12:53  Colossus (Chrono Boost), Pylon  
  116  12:58  Colossus (Chrono Boost)  
  116  13:05  Probe x2  
  124  13:06  Probe  
  124  13:09  Zealot  
  124  13:11  Zealot  
  127  13:17  Dark Shrine  
  127  13:29  Zealot x2  
  124  13:38  Stalker  
  123  13:46  Stalker x4  
  112  13:54  Stalker x2  

Tags
 
Add a new tag
Caveats
  • Supply blocks, unpowered buildings, or Contaminate may cause inaccurate times.
  • Supply counts are checked every 10 seconds.